 Dungeon Crawl Stone Soup version 0.31-a0-675-g238779eb0a (webtiles) character file.

Game seed: 1832912610689972715

154 Gelion the Changeling (level 5, -1/26 HPs)
             Began as an Octopode Shapeshifter on Sept 5, 2023.
             Slain by an orc wizard
             ... wielding a +0 dagger
              (2 damage)
             ... on level 4 of the Dungeon.
             The game lasted 00:03:47 (2288 turns).

Gelion the Changeling (Octopode Shapeshifter)       Turns: 2288, Time: 00:03:47

Health: -1/26      AC:  1    Str: 13    XL:     5   Next: 35%
Magic:  5/5        EV: 13    Int: 12    God:
Gold:   226        SH:  0    Dex: 14    Spells: 4/4 levels left

rFire   . .          .
                       - Unarmed
rCold   . . .        (shield currently unavailable)
rNeg    . . .        (helmet restricted)
rPois   .            h - amulet of magic regeneration
rElec   .            l - ring of flight
rCorr   .            (no ring)
SInv    .            (no ring)
Will    .....        (no ring)
Stlth   +            (no ring)
HPRegen 0.24/turn    (no ring)
MPRegen 0.49/turn    (no ring)
                     (no ring)

%: no passive effects
@: flux-form, flying, glowing
A: glow, contaminating, reduced hp, almost no armour, amphibious, 8 rings,
camouflage 1, gelatinous body 1, (nimble swimmer 1), tentacles
a: Begin Untransformation


You were on level 4 of the Dungeon.
You were something dangerously unstable.
You visited 1 branch of the dungeon, and saw 4 of its levels.

You collected 226 gold pieces.

Inventory:

Missiles
 i - 3 javelins
Jewellery
 h - an amulet of magic regeneration (around mantle)
 l - a ring of flight (left tentacle)
Talismans
 c - a flux talisman (active)
Scrolls
 k - a scroll of fog
Potions
 a - a potion of lignification
 e - 7 potions of curing
 f - a potion of attraction
 g - a potion of heal wounds


   Skills:
 + Level 2.5 Fighting
 - Level 2.0 Dodging
 + Level 3.8 Unarmed Combat
 * Level 4.4 Shapeshifting


You had 4 spell levels left.
You didn't know any spells.
Your spell library was empty.

Dungeon Overview and Level Annotations

Branches:
Dungeon (4/15)
 Temple: D:4-7

Altars:


Innate Abilities, Weirdness & Mutations

You are something dangerously unstable.
You glow with magical radiation, making you easy to see and hit.
Foes you strike become dangerously contaminated with magical radiation.
Your maximum health is decreased, since you lack skill for your form.
You are incapable of wielding weapons or throwing items.
You cannot wear most types of armour.
You are amphibious.
You can wear up to eight rings at the same time.
Your skin changes colour to match your surroundings (Stealth+).
Your rubbery body absorbs attacks. (AC +1, EV +1)
((You are camouflaged when in or above water. (Stealth+)))
You have tentacles for arms and can constrict up to eight enemies at once.


Message History

You squeeze the orc wizard.
The orc wizard is almost dead.
You constrict the orc wizard.
You kill the orc wizard!
You tentacle-slap the kobold.
The kobold begins to glow.
You grab the kobold.
The kobold is moderately wounded.
You constrict the kobold.
You kill the kobold!
An orc wizard comes into view. It is wielding a +0 dagger.
Items here: ( )) [ ††.
The orc wizard shouts!
You hear a shout!
The orc wizard completely misses you.
You tentacle-slap the orc wizard.
The orc wizard begins to glow.
Your grab misses the orc wizard. Your squeeze misses the orc wizard.
The orc wizard is lightly wounded.
The orc wizard misses you.
You tentacle-slap the orc wizard.
The orc wizard glows dangerously bright.
You grab the orc wizard.
The orc wizard is moderately wounded.
You constrict the orc wizard.
An orc comes into view. It is wielding a +0 trident.
The orc wizard gestures at you while chanting.
The puff of flame hits you.
* * * LOW HITPOINT WARNING * * *
You tentacle-slap the orc wizard but do no damage.
The orc wizard shudders as magic cascades through it.
The orc wizard twists and deforms.
You squeeze the orc wizard.
The orc wizard is heavily wounded.
You constrict the orc wizard.
The orc hits you from afar with a +0 trident.
* * * LOW HITPOINT WARNING * * *
The orc wizard hits you with a +0 dagger.
* * * LOW HITPOINT WARNING * * *
You release your grip on the orc wizard.
You closely miss the orc wizard. You grab the orc wizard.
The orc wizard is severely wounded.
You constrict the orc wizard.
The orc wizard hits you with a +0 dagger.
You die...

...... .....
##.... #....
#... #.. #o#
#o# #B# #)#
#.# #)# #.#
#.# #.#
##########$#
#..........#


You could see an orc wizard (misshapen) and an orc.

Vanquished Creatures
  2 orc wizards
  3 adders (D:3)
  3 worms (D:2)
  3 dart slugs (D:3)
  5 orcs
  3 endoplasms
  2 giant cockroaches (D:1)
  7 goblins
  6 hobgoblins
  2 jackals (D:2)
  6 kobolds
  2 quokkas (D:2)
  3 ball pythons
  4 bats
  2 frilled lizards (D:1)
  8 rats
61 creatures vanquished.

Notes
Turn   | Place    | Note
-------+----------+-------------------------------------------
     0 | D:1      | Gelion the Octopode Shapeshifter began the quest for the
                  | Orb.
     0 | D:1      | Reached XP level 1. HP: 13/13 MP: 1/1
   129 | D:1      | Reached XP level 2. HP: 16/18 MP: 2/2
   614 | D:2      | Reached XP level 3. HP: 20/23 MP: 3/3
  1348 | D:3      | Reached XP level 4. HP: 21/29 MP: 4/4
  1487 | D:3      | Reached skill level 4 in Shapeshifting
  1710 | D:3      | Reached XP level 5. HP: 28/34 MP: 5/5
  2286 | D:4      | HP: 1/26 [orc wizard/+0 dagger (1)]
  2288 | D:4      | Slain by an orc wizard

Illustrated notes

Levels and vault maps discovered:
D:1:      ldierk_walled_garden, layout_basic
D:2:      layout_loops_ring
D:3:      layout_loops_ring
D:4:      layout_basic, mainiacjoe_overflow_catwalk,
          nicolae_hepliaklqana_monster_ancestors, ebering_ghost_reflecting_pool,
          lightli_ossuary_entry_decrepit_ruins

Skill      XL: |  1  2  3  4 |
---------------+-------------+-----
Fighting       | 2 |  2.5
Shapeshifting  | 4 |  4.4
Dodging        | |  2.0
Unarmed Combat | |  3.8

Action                     |  1- 3 |  4- 6 || total
---------------------------+-------+-------++-------
  Melee: Unarmed           |    70 |    47 ||   117
         Constrict         |    21 |    15 ||    36
         Tentacles         |    16 |    12 ||    28
         Punch             |     2 |     1 ||     3
    Use: Scroll            |     6 |     6 ||    12
   Stab: Sleeping          |    10 |     6 ||    16
 Armour: Skin              |    23 |    20 ||    43
  Dodge: Dodged            |    27 |    27 ||    54
   Form: Flux              |       |     1 ||     1

Table legend: (Time is in decaauts)
 A = Elapsed time spent in this place.
 B = Non-inter-level travel time spent in this place.
 C = Inter-level travel time spent in this place.
 D = Time resting spent in this place.
 E = Time spent auto-exploring this place.
 F = Levels seen in this place.
 G = Mean time per level.
                   A        B        C        D        E       F      G
               +--------+--------+--------+--------+--------+-----+--------+
         Total |   2279 |   2119 |    160 |     44 |   1692 |   4 |  569.8 |
       Dungeon |   2279 |   2119 |    160 |     44 |   1692 |   4 |  569.8 |
               +--------+--------+--------+--------+--------+-----+--------+

Top non-repeatable levels by time:
     D:3: 931 daAuts
     D:2: 775 daAuts
     D:1: 542 daAuts
     D:4: 30 daAuts
